 Dungeon Crawl Stone Soup version 0.29.1-1-gd02db6906a (webtiles) character file.

Game seed: 8918548387367197401

112540 Earthwalker the Tortoise (level 16, -23/141 HPs)
             Began as a Minotaur Fighter on Oct 9, 2022.
             Was the Champion of Okawaru.
             Annihilated by Donald
             ... wielding a +0 scimitar
              (38 damage)
             ... on level 1 of the Shoals on Oct 10, 2022.
             The game lasted 04:50:16 (36256 turns).

Earthwalker the Tortoise (Minotaur Fighter)        Turns: 36256, Time: 04:50:17

Health: -23/141    AC: 26    Str: 24    XL:     16   Next: 12%
Magic:  20/20      EV: 14    Int: 13    God:    Okawaru [******]
Gold:   1957       SH: 10    Dex: 23    Spells: 15/15 levels left

rFire   . . .      SeeInvis .   a - +9 trident (venom)
rCold   x . .      Faith    .   c - +1 buckler
rNeg    . . .      Spirit   .   E - +4 plate armour
rPois   +          Reflect  .   h - +0 hat {Stlth+}
rElec   .          Harm     .   (no cloak)
rCorr   +          Rampage  .   o - +0 pair of gloves of the Lost Artisans {+Blink Regen+ Dex+4 Stlth-}
Will    +....                   v - +2 pair of boots
Stlth   ..........              U - amulet of the acrobat
HPRegen 1.13/turn               e - ring of flight
MPRegen 0.17/turn               W - ring "Rozur" {rPois rC- rCorr Int+6 Dex+6}

@: flying
A: horns 2, retaliatory headbutt
a: Renounce Religion, Evoke Blink, Heroism, Finesse, Duel


You were on level 1 of the Shoals.
You worshipped Okawaru.
Okawaru was exalted by your worship.
You visited 5 branches of the dungeon, and saw 25 of its levels.
You also visited: Sewer.

You collected 2927 gold pieces.
You spent 970 gold pieces at shops.

Inventory:

Hand Weapons
 a - a +9 trident of venom (weapon)
 l - a +8 trident of freezing
 y - the +5 trident "Mechyxzu" {drain, *Corrode Int+7}
   (You found it on level 5 of the Lair of Beasts)

   A truly terrible weapon, it drains the life of any living foe it strikes.
   Int:       It affects your intelligence (+7).
   *Corrode:  It may corrode you when you take damage.
 Q - a +4 scimitar of flaming
Missiles
 r - 6 silver javelins (quivered)
 C - an atropa-tipped dart
 F - 24 poisoned darts
 O - 6 javelins
Armour
 c - a +1 buckler (worn)
 h - a +0 hat of stealth (worn)
 o - the +0 pair of gloves of the Lost Artisans (worn) {+Blink Regen+ Dex+4 Stlth-}
   (Okawaru gifted it to you on level 12 of the Dungeon)

   Dex:       It affects your dexterity (+4).
   +Blink:    It lets you blink.
   Regen:     It increases your rate of health regeneration.
   Stlth:     It makes you less stealthy.
 v - a +2 pair of boots (worn)
 E - a +4 plate armour (worn)
Jewellery
 e - a ring of flight (left hand)
 q - a +4 ring of evasion
 x - a +4 ring of protection
 K - a ring of poison resistance
 T - a ring of positive energy
 U - an amulet of the acrobat (around neck)
 W - the ring "Rozur" (right hand) {rPois rC- rCorr Int+6 Dex+6}
   (You found it on level 4 of the Lair of Beasts)

   [ring of dexterity]

   Int:       It affects your intelligence (+6).
   Dex:       It affects your dexterity (+6).
   rC:        It makes you vulnerable to cold.
   rPois:     It protects you from poison.
   rCorr:     It protects you from acid and corrosion.
Wands
 u - a wand of polymorph (34)
 z - a wand of iceblast (21)
 H - a wand of flame (5)
 P - a wand of paralysis (4)
 R - a wand of light (17)
 Z - a wand of mindburst (15)
Scrolls
 m - 3 scrolls of fear
 p - 12 scrolls of teleportation
 w - a scroll of identify
 I - a scroll of immolation
 J - 3 scrolls of poison
 M - 3 scrolls of silence
 S - 4 scrolls of magic mapping
 V - 2 scrolls of amnesia
 X - 2 scrolls of noise
Potions
 b - 4 potions of mutation
 d - 5 potions of might
 f - 2 potions of cancellation
 g - 4 potions of degeneration
 i - 4 potions of flight
 j - 2 potions of haste
 k - 7 potions of resistance
 n - a potion of berserk rage
 s - 5 potions of magic
 t - 2 potions of brilliance
 A - 13 potions of curing
 B - 3 potions of heal wounds
 D - 3 potions of invisibility
 G - 15 potions of ambrosia
 L - 5 potions of attraction


   Skills:
 + Level 12.7 Fighting
 + Level 15.8 Polearms
 - Level 6.4 Throwing
 * Level 16.0 Armour
 * Level 10.0 Dodging
 * Level 8.4 Stealth
 * Level 13.8 Shields
 * Level 7.6 Invocations
 * Level 6.5 Evocations


You had 15 spell levels left.
You didn't know any spells.
Your spell library contained the following spells:

 Spells                   Type           Power      Damage    Failure   Level
 Apportation              Tloc           0%         N/A       95%         1
 Beastly Appendage        Tmut           0%         N/A       95%         1
 Necrotise                Necr           0%         1d4       95%         1
 Wereblood                Tmut           0%         N/A       99%         2
 Spider Form              Tmut/Pois      0%         N/A       100%        3
 Petrify                  Tmut/Erth      0%         N/A       100%        4
 Blade Hands              Tmut           0%         N/A       100%        5
 Metabolic Englaciation   Hex/Ice        0%         N/A       100%        5
 Iron Shot                Conj/Erth      0%         9d1       100%        6
 Statue Form              Tmut/Erth      0%         N/A       100%        6
 Chain Lightning          Conj/Air       0%         N/A       100%        9
 Fire Storm               Conj/Fire      0%         5d1       100%        9
 Shatter                  Erth           0%         3d5*      100%        9
 Summon Small Mammal      Summ           Unusable   N/A       N/A         1
 Animate Armour           Summ/Erth      Unusable   N/A       N/A         4

Dungeon Overview and Level Annotations

Branches:
Dungeon (15/15)            Temple (1/1) D:7            Lair (5/5) D:9
 Shoals (2/4) Lair:3       Spider (0/4) Lair:3        Slime (0/5) Lair:5
    Orc (2/2) D:10            Elf (0/3) Orc:2        Vaults (0/5) D:14
 Depths (0/4) D:15          Sewer (visited)

Altars:
Ashenzari
Cheibriados
Dithmenos
Elyvilon
Fedhas
Gozag
Hepliaklqana
Kikubaaqudgha
Makhleb
Nemelex Xobeh
Okawaru
Qazlal
Ru
Sif Muna
Trog
Uskayaw
Vehumet
Wu Jian
Xom
Yredelemnul
Zin
The Shining One
Jiyva

Shops:
D:5 :   D:6 :   D:10 !   D:12 *   Orc:2 [=((

Annotations:
Shoals:1 Donald


Innate Abilities, Weirdness & Mutations

You have a pair of horns on your head.
You reflexively headbutt those who attack you in melee.


Message History

You puncture Donald!
Donald looks as sick as possible!
Donald is heavily wounded.
Donald completely misses you. Donald blocks your attack.
Donald is heavily wounded.
Donald says, "And I thought they were famous for their poetry."
Donald hits you with a +0 scimitar!!!
* * * LOW HITPOINT WARNING * * *
You feel much better. Donald misses you. You furiously retaliate!
You headbutt Donald! You puncture Donald!
Donald looks as sick as possible!
Donald is severely wounded.
Donald hits you with a +0 scimitar!!
* * * LOW HITPOINT WARNING * * *
You feel much better.
You feel stable enough to blink again. Donald hits you with a +0 scimitar!
* * * LOW HITPOINT WARNING * * *
Donald hits you but does no damage.
You puncture Donald!
Donald looks as sick as possible!
Your headbutt misses Donald.
Donald is almost dead.
Donald hits you with a +0 scimitar!!
* * * LOW HITPOINT WARNING * * *
You feel much better. You block Donald's attack.
You completely miss Donald. You headbutt Donald.
Donald is almost dead.
Donald hits you with a +0 scimitar!
* * * LOW HITPOINT WARNING * * *
You hit Donald but do no damage.
Donald looks as sick as possible!
Donald is almost dead.
Donald says, "Tides?
I despise tides.
No, wait, I hate tides!"
You block Donald's attack. Donald blocks your attack.
Donald is almost dead.
You block Donald's attack.
You barely miss Donald. Your headbutt misses Donald.
Donald is almost dead.
Donald hits you with a +0 scimitar!!!
You die...

≈≈≈≈≈≈≈≈~~~~~~~~~~~~...........P^
≈≈≈≈≈≈≈≈≈≈≈~~~~~~~~~.PP...)PP....
≈≈≈≈≈≈≈≈≈≈≈~~~~~~~~~~~.~.......(.
≈≈≈≈≈≈≈≈≈≈≈≈≈≈~~~~~~~~~~.~..P....
≈≈≈≈≈≈≈≈≈≈≈≈≈≈≈≈≈≈~~~~≈≈~~~......
≈≈≈≈~~~~~~~≈≈≈≈~~~~~~~≈≈~~~......
≈≈~~~~~~~~~~≈≈~~~~~~~~~≈~~~......
≈~~~~~PPP~~~~≈~~~@>.~~~~~~~......
≈~P~....P~~~~~~~@≈≈≈≈.~..........
≈~~~...PP~~##~~~.~~≈≈≈...........
≈~~.....#########~~~~≈##..#####..
≈~~P.†..# #### #####~≈##### ###
≈~~~...####..###..##~≈# ######
≈~PP~.P# #≈...#.≈≈.#~≈######....#
≈≈~~~.P# #≈≈...≈##≈..≈...#.......
≈≈≈~~~.####≈≈.≈####≈.≈...........
≈≈≈~P~.P# ##≈≈## ##≈.≈......~~...


You could see Donald (fast, strong, empowered, extremely poisoned, reflecting).

Vanquished Creatures
  Gastronok (Lair:1)
  An orc warlord (Orc:2)
  Nessos (Lair:5)
  A merfolk impaler (Shoals:1)
  3 ettins (Orc:2)
  A vault guard (D:14)
  7 hydras
  A catoblepas (Lair:1)
  6 centaur warriors
  5 boulder beetles
  9 two-headed ogres
  A merfolk avatar (Lair:5)
  A two-headed ogre (shapeshifter) (D:13)
  6 death yaks
  A satyr (Shoals:1)
  An orc high priest (Orc:2)
  Urug (Lair:2)
  Amaemon (Lair:1)
  Sonja (Lair:2)
  5 skeletal warriors
  2 sea snakes
  7 harpies (Shoals:1)
  3 wizards (D:15)
  7 orc knights
  A necromancer (D:15)
  2 deep elf pyromancers
  11 ugly things
  7 cyclopes
  10 orc sorcerers
  2 wolf spiders
  10 manticores
  11 fauns
  An elephant (Lair:5)
  2 water nymphs
  3 black mambas
  2 merfolk sirens
  6 cane toads
  3 gargoyles
  An orange demon (Lair:2)
  A centaur skeleton (D:15)
  3 rime drakes (Lair:5)
  An unseen horror (shapeshifter) (D:15)
  An unseen horror (D:12)
  3 efreet
  7 komodo dragons
  A queen bee (Lair:1)
  Grinder (D:6)
  5 trolls
  8 merfolk (Shoals:1)
  3 wind drakes
  14 blink frogs
  8 saltlings (Orc:2)
  A hornet (Lair:4)
  A harpy skeleton (D:15)
  23 slime creatures
  21 dream sheep
  3 snapping turtles
  A jumping spider (shapeshifter) (D:15)
  A water elemental (Shoals:1)
  2 shadows
  A wraith (D:13)
  51 yaks
  9 wyverns
  A human (D:10)
  12 vampire mosquitoes
  7 basilisks
  Grum (D:8)
  5 steam dragons
  A warg (shapeshifter) (D:14)
  3 wargs
  19 water moccasins
  Duvessa (D:6)
  21 orc warriors
  3 sky beasts
  A meliai simulacrum (D:15)
  A hornet zombie (D:15)
  An ice beast (D:7)
  A black bear (D:6)
  9 wolves
  11 centaurs
  3 ogres
  A phantom (D:7)
  A kobold brigand (D:7)
  8 bullfrogs
  A necrophage (D:5)
  5 scorpions
  2 gnoll sergeants
  3 wights (D:9)
  Dowan (D:6)
  27 killer bees
  6 howler monkeys
  3 jellies
  2 quasits (D:6)
  Crazy Yiuf (D:6)
  8 orc priests
  A gnoll bouda (D:7)
  3 hounds
  3 iguanas
  19 orc wizards
  11 hell rats
  7 adders
  15 gnolls
  A river rat (Sewer)
  4 shadow imps (D:6)
  4 white imps
  5 ufetubi (D:6)
  3 worms
  2 dart slugs
  73 orcs
  13 ball pythons
  2 bats (D:1)
  12 endoplasms
  A giant cockroach (D:4)
  3 goblins
  10 hobgoblins
  11 jackals
  9 kobolds
  3 quokkas
  2 frilled lizards (D:1)
  A goblin zombie (D:10)
  8 rats
  22 pillars of salt (Orc:2)
733 creatures vanquished.

Vanquished Creatures (others)
  A bush (Lair:5)
  2 demonic plants (D:6)
  22 fungi
  91 plants
116 creatures vanquished.

Grand Total: 849 creatures vanquished

Notes
Turn   | Place    | Note
-------+----------+-------------------------------------------
     0 | D:1      | Earthwalker the Minotaur Fighter began the quest for the
                  | Orb.
     0 | D:1      | Reached XP level 1. HP: 19/19 MP: 0/0
   212 | D:1      | Reached XP level 2. HP: 18/27 MP: 1/1
   393 | D:1      | Reached skill level 4 in Armour
   397 | D:1      | Reached XP level 3. HP: 23/33 MP: 2/2
   922 | D:2      | Found a sacrificial altar of Ru.
  1487 | D:2      | Reached skill level 1 in Dodging
  1601 | D:2      | Reached XP level 4. HP: 37/40 MP: 3/3
  1863 | D:3      | Found a faded altar of an unknown god.
  2039 | D:3      | Found a glowing silver altar of Zin.
  2200 | D:3      | Reached skill level 1 in Throwing
  2210 | D:3      | Reached XP level 5. HP: 46/46 MP: 4/4
  2224 | D:3      | Found a sacrificial altar of Ru.
  2553 | D:4      | Reached skill level 1 in Stealth
  2675 | D:4      | Reached XP level 6. HP: 53/53 MP: 5/5
  3137 | D:4      | Found a glowing drain.
  3142 | Sewer    | Entered a sewer
  3202 | Sewer    | Reached skill level 5 in Armour
  3901 | D:5      | Entered Level 5 of the Dungeon
  3926 | D:5      | Reached skill level 5 in Polearms
  3962 | D:5      | Noticed a water moccasin
  3969 | D:5      | Killed a water moccasin
  3970 | D:5      | Reached XP level 7. HP: 39/60 MP: 6/6
  4424 | D:5      | Found Vabip's Book Emporium.
  4670 | D:5      | Reached skill level 5 in Fighting
  4977 | D:6      | Reached skill level 5 in Shields
  5139 | D:6      | Reached XP level 8. HP: 65/68 MP: 7/7
  5147 | D:6      | Reached skill level 6 in Armour
  5293 | D:6      | Noticed Grinder
  5306 | D:6      | Paralysed by Grinder for 2 turns
  5310 | D:6      | Killed Grinder
  5446 | D:6      | Found Baobriwn's Vocational Training.
  5498 | D:6      | Noticed Dowan
  5499 | D:6      | Noticed Duvessa
  5509 | D:6      | Killed Dowan
  5513 | D:6      | Killed Duvessa
  5634 | D:6      | Reached XP level 9. HP: 75/75 MP: 8/8
  6056 | D:6      | Found a runed translucent door.
  6057 | D:6      | Noticed Crazy Yiuf
  6063 | D:6      | Killed Crazy Yiuf
  6621 | D:7      | Reached skill level 7 in Armour
  7107 | D:7      | Found a staircase to the Ecumenical Temple.
  7114 | Temple   | Entered the Ecumenical Temple
  7245 | Temple   | Became a worshipper of Warmaster Okawaru
  7844 | D:7      | Found an ancient bone altar of Kikubaaqudgha.
  8174 | D:8      | Reached skill level 10 in Polearms
  8188 | D:8      | Found a radiant altar of Vehumet.
  8241 | D:8      | Reached * piety under Okawaru
  8428 | D:8      | Identified the +1 leather armour "Pinloann" {Rampage Str-5
                  | Int+9}
  8487 | D:8      | Reached XP level 10. HP: 86/86 MP: 9/9
  8489 | D:8      | Noticed Grum
  8508 | D:8      | Reached skill level 8 in Armour
  8515 | D:8      | Killed Grum
  8515 | D:8      | Reached ** piety under Okawaru
  9061 | D:9      | Reached skill level 5 in Dodging
  9087 | D:9      | Found a staircase to the Lair.
  9321 | D:8      | Reached *** piety under Okawaru
  9601 | D:9      | Reached skill level 5 in Throwing
  9656 | D:9      | Reached **** piety under Okawaru
  9793 | D:9      | Reached skill level 9 in Armour
 10091 | D:9      | Noticed a two-headed ogre
 10100 | D:9      | Killed a two-headed ogre
 10101 | D:9      | Reached XP level 11. HP: 82/94 MP: 10/10
 10233 | Lair:1   | Entered Level 1 of the Lair of Beasts
 10431 | D:10     | Entered Level 10 of the Dungeon
 10453 | D:10     | Found an ornate altar of the Wu Jian Council.
 10454 | D:10     | Found a sparkling altar of Nemelex Xobeh.
 10455 | D:10     | Found a shimmering blue altar of Sif Muna.
 10673 | D:10     | Found an opulent altar of Gozag.
 10805 | D:10     | Found Montar's Distillery.
 10837 | D:10     | Reached ***** piety under Okawaru
 10847 | D:10     | Found a staircase to the Orcish Mines.
 10993 | D:10     | Found a runed translucent door.
 10995 | D:10     | Found a basalt altar of Yredelemnul.
 11294 | Orc:1    | Entered Level 1 of the Orcish Mines
 11334 | Orc:1    | Noticed an orc sorcerer
 11336 | Orc:1    | Noticed an orc sorcerer
 11459 | D:10     | Killed an orc sorcerer
 11794 | D:11     | Noticed a two-headed ogre
 11808 | D:11     | Killed a two-headed ogre
 11808 | D:11     | Received a gift from Okawaru
 11815 | D:11     | Noticed a two-headed ogre
 11831 | D:10     | Killed a two-headed ogre
 11831 | D:10     | Received a gift from Okawaru
 11879 | D:11     | Reached skill level 5 in Stealth
 11910 | D:11     | Identified the +9 flail of Disaster {elec, rC+ rN+}
 12486 | D:12     | Noticed a deep elf pyromancer
 12494 | D:12     | Killed a deep elf pyromancer
 12494 | D:12     | Received a gift from Okawaru
 12495 | D:12     | Reached skill level 10 in Armour
 12964 | D:12     | Found Luggi's Fire Supplies.
 12969 | D:12     | You fall into a shaft and drop 2 floors!
 13242 | D:13     | Reached XP level 12. HP: 105/105 MP: 11/11
 13388 | D:13     | Noticed a two-headed ogre
 13388 | D:13     | an eye of devastation changed into a two-headed ogre
 13396 | D:13     | Killed a two-headed ogre
 13438 | D:13     | Noticed a four-headed hydra
 13452 | D:13     | Killed a four-headed hydra
 13688 | D:13     | Received a gift from Okawaru
 14234 | D:12     | Noticed a two-headed ogre
 14244 | D:12     | Killed a two-headed ogre
 14244 | D:12     | Identified the +0 pair of gloves of the Lost Artisans
                  | {+Blink Regen+ Dex+4 Stlth-} (Okawaru gifted it to you on
                  | level 12 of the Dungeon)
 14244 | D:12     | Received a gift from Okawaru
 14261 | D:12     | Reached skill level 11 in Armour
 14945 | D:13     | Noticed a centaur warrior
 15064 | D:13     | Reached skill level 1 in Invocations
 15066 | D:13     | Killed a centaur warrior
 15067 | D:13     | Reached skill level 1 in Evocations
 15122 | D:13     | Noticed a boulder beetle
 15136 | D:13     | Killed a boulder beetle
 15897 | Orc:2    | Entered Level 2 of the Orcish Mines
 16387 | Orc:2    | Found a staircase to the Elven Halls.
 16399 | Orc:2    | Noticed an ettin
 16424 | Orc:2    | Killed an ettin
 16505 | Orc:2    | Reached skill level 10 in Shields
 16505 | Orc:2    | Reached XP level 13. HP: 93/112 MP: 14/14
 16889 | Orc:1    | Reached skill level 12 in Armour
 17119 | Orc:1    | Paralysed by an orc sorcerer for 2 turns
 17204 | Orc:1    | Reached skill level 10 in Fighting
 17711 | Orc:2    | Reached ****** piety under Okawaru
 17815 | Orc:2    | Noticed an ettin
 17832 | Orc:2    | Killed an ettin
 17832 | Orc:2    | Received a gift from Okawaru
 17908 | Orc:2    | Paralysed by an orc sorcerer for 3 turns
 18108 | Orc:2    | Noticed an ettin
 18202 | Orc:2    | Killed an ettin
 18375 | Orc:2    | Noticed an orc warlord
 18702 | Orc:2    | Received a gift from Okawaru
 18997 | Orc:2    | Received a gift from Okawaru
 18998 | Orc:2    | Reached skill level 13 in Armour
 19226 | Orc:2    | Killed an orc warlord
 19337 | Orc:2    | Found Iramol's Armour Shoppe.
 19355 | Orc:2    | Found Relyisib's Antique Weapon Shop.
 19358 | Orc:2    | Found Owifremo's Antique Weapon Shop.
 19511 | Orc:1    | Received a gift from Okawaru
 19751 | Orc:2    | Found Askev's Jewellery Boutique.
 19765 | Orc:2    | Bought a ring of positive energy for 340 gold pieces
 20079 | Orc:2    | Bought a +4 plate armour for 630 gold pieces
 20447 | Lair:1   | Reached skill level 5 in Invocations
 20608 | Lair:1   | Noticed Gastronok
 20670 | Lair:1   | Killed Gastronok
 21179 | Lair:1   | Reached XP level 14. HP: 116/122 MP: 16/16
 21465 | Lair:2   | Noticed Amaemon
 21501 | Lair:1   | Killed Amaemon
 21572 | Lair:2   | Noticed Urug
 21598 | Lair:2   | Killed Urug
 21598 | Lair:2   | Received a gift from Okawaru
 22880 | Lair:2   | You fall into a shaft and drop 1 floor!
 23730 | Lair:3   | Noticed Sonja
 23771 | Lair:2   | Killed Sonja
 24509 | Lair:3   | Identified the +8 quarterstaff "Waythra" {freeze, Str-3
                  | Int+7} (Okawaru gifted it to you on level 3 of the Lair of
                  | Beasts)
 24509 | Lair:3   | Received a gift from Okawaru
 24521 | Lair:3   | Found a staircase to the Shoals.
 24872 | Lair:3   | Found a hole to the Spider Nest.
 26366 | D:14     | Reached skill level 14 in Armour
 26687 | D:14     | Identified the +0 pair of gloves "Hyecki" {rPois Stlth+}
                  | (Okawaru gifted it to you on level 14 of the Dungeon)
 26687 | D:14     | Received a gift from Okawaru
 26806 | D:14     | Reached skill level 5 in Evocations
 26882 | D:14     | Found a gate to the Vaults.
 27616 | D:14     | Reached skill level 15 in Polearms
 27814 | D:15     | Entered Level 15 of the Dungeon
 28627 | D:15     | Reached XP level 15. HP: 129/132 MP: 18/18
 28641 | D:15     | Reached skill level 15 in Armour
 28979 | D:15     | Found a staircase to the Depths.
 31380 | Lair:4   | Identified the ring "Rozur" {rPois rC- rCorr Int+6 Dex+6}
 32155 | Lair:5   | Entered Level 5 of the Lair of Beasts
 32240 | Lair:5   | Received a gift from Okawaru
 32829 | Lair:5   | Found a viscous altar of Jiyva.
 32845 | Lair:5   | Found a staircase to the Slime Pits.
 32902 | Lair:5   | Noticed Nessos
 32953 | Lair:5   | Killed Nessos
 33762 | Lair:5   | Identified the +6 long sword of Haunted Innocence {flame,
                  | Contam Str+4 Dex+2 SInv}
 33827 | Lair:5   | Received a gift from Okawaru
 34040 | Lair:5   | Identified the +5 trident "Mechyxzu" {drain, *Corrode
                  | Int+7}
 34290 | Shoals:1 | Entered Level 1 of the Shoals
 35029 | Shoals:1 | Received a gift from Okawaru
 35492 | Shoals:1 | Received a gift from Okawaru
 35553 | Shoals:1 | Reached XP level 16. HP: 114/141 MP: 20/20
 35880 | Shoals:1 | Reached skill level 16 in Armour
 35974 | Shoals:1 | Received a gift from Okawaru
 35975 | Shoals:1 | Reached skill level 10 in Dodging
 36225 | Shoals:2 | Noticed Donald
 36251 | Shoals:1 | HP: 4/141 [Donald/+0 scimitar (23)]
 36256 | Shoals:1 | Annihilated by Donald

Illustrated notes

Levels and vault maps discovered:
D:1:      dpeg_arrival_signposts, layout_loops_ring, minmay_cut_off
D:2:      layout_rooms, basic_altar
D:3:      layout_loops_ring, lemuel_coloured_pillars_altar,
          amcnicky_altar_gilded, chequers_ecumenical_altar_island
D:4:      kennysheep_spiral_hall, layout_cave_pools, portal_sewer_entry_e,
          kennysheep_nondescript, saegor_snake_ambush
D:5:      layout_loops_ring, serial_shops, nicolae_shop_waterfront
D:6:      layout_loops_corners, serial_demonic, serial_demonic_b,
          serial_demonic_c, serial_demonic_g, serial_demonic_d,
          serial_demonic_d, serial_demonic_f, nicolae_shop_vocational,
          uniq_duvessa, uniq_crazy_yiuf_cottage, uniq_grinder
D:7:      kb_forest_paths, layout_layer_cave,
          mainiacjoe_overflow_small_starburst, minmay_temple_entry_nine_rooms
D:8:      layout_basic, vehumet_crystals, serial_corexii_hall,
          chequers_hall_statues_wall_a, corexii_hall_statues_i, uniq_grum
D:9:      layout_gridville, minmay_lair_entry_grove, corexii_leaking_fountain
D:10:     layout_loops_ring, mainiacjoe_overflow_brackets,
          dk_yredelemnul_ordeal, nicolae_overflow_hidden_temple, orc_0_dummy,
          serial_shops, kennysheep_mini
D:11:     layout_rooms
D:12:     layout_small_grid, nicolae_shop_fire_sale [nicolae_sub_dead_trees]
D:13:     layout_irregular_city, dreamdust_wishing_well
D:14:     layout_roguey, david_vaults_5
D:15:     grunt_enter_depths_magical_seal, layout_small_grid,
          hangedman_decor_points, minmay_misc_feat_doors
Temple:   nicolae_temple_figure_eight
Lair:1:   layout_hall_layers, special_room [special_room_bee], uniq_gastronok
Lair:2:   layout_cave_pods, enter_volcano_2, uniq_amaemon, uniq_urug
Lair:3:   layout_gridlike, minmay_shoals_entry_lonely_mermaid,
          spider_nest_entry_rubble, lemuel_fruit_fields, uniq_sonja
Lair:4:   layout_cellular_growth
Lair:5:   gammafunk_lair_ancient_temple, layout_loops_ring,
          dpeg_slime_entry_corner, patterned_corridor, uniq_nessos
Shoals:1: layout_shoals, nicolae_shoals_cliffside_cave,
          nicolae_shoals_lost_giant_amphitheater, nicolae_shoals_shepherds
Shoals:2: layout_shoals, uniq_donald, uniq_polyphemus
Orc:1:    layout_diamond_mine, mines4_lemuel
Orc:2:    hellmonk_orc_salted, layout_diamond_mine, nicolae_orc_crystal_geode

Skill      XL: |  1  2  3  4  5  6  7  8  9 10 11 12 13 14 15 16 |
---------------+-------------------------------------------------+-----
Shields        | 4 5 6 7 8 10 11 12 13 | 13.8
Armour         | 4 5 6 7 9 10 11 13 14 15 16 | 16.0
Fighting       | 4 5 6 7 8 9 10 11 12 | 12.7
Polearms       | 3 4 5 6 8 10 12 13 14 15 | 15.8
Dodging        | 1 2 3 4 5 6 7 8 9 10 | 10.0
Throwing       | 1 2 3 4 5 6 |  6.4
Stealth        | 1 2 3 4 5 6 7 8 |  8.4
Invocations    | 3 5 6 7 |  7.6
Evocations     | 3 4 5 6 |  6.5

Action                   |  1- 3 |  4- 6 |  7- 9 | 10-12 | 13-15 | 16-18 || total
-------------------------+-------+-------+-------+-------+-------+-------++-------
Melee: Trident           |    67 |   122 |   249 |   604 |  1617 |    83 ||  2742
       Headbutt          |    12 |    11 |    43 |   126 |   383 |    18 ||   593
Throw: Dart              |       |     3 |       |    26 |   138 |       ||   167
       Boomerang         |       |       |       |    29 |    25 |       ||    54
       Javelin           |       |       |       |       |    34 |       ||    34
Invok: Heroism           |       |       |       |     1 |       |       ||     1
       Finesse           |       |       |       |     1 |       |       ||     1
 Abil: Evoke Blink       |       |       |       |       |     8 |     1 ||     9
  Use: Scroll            |     5 |    14 |     6 |    12 |     2 |       ||    39
       Potion            |       |       |       |       |     1 |     3 ||     4
Armor: Scale mail        |    22 |    39 |     2 |       |       |       ||    63
       Plate armour      |       |       |    98 |   224 |   356 |    26 ||   704
       Skin              |       |       |     3 |       |       |       ||     3
Dodge: Dodged            |    25 |    69 |    51 |   241 |   586 |    35 ||  1007
Block: Buckler           |     9 |    24 |    45 |   158 |   407 |    37 ||   680
